 Dungeon Crawl Stone Soup version 0.30.1-3-gfc49f6343a (webtiles) character file.

Game seed: 3141067866990279807

23 DemonSlayer the Digger (level 2, -1/28 HPs)
             Began as a Demonspawn Earth Elementalist on July 20, 2023.
             Slain by an orc
             ... wielding a +0 club
              (2 damage)
             ... on level 3 of the Dungeon.
             The game lasted 00:03:04 (789 turns).

DemonSlayer the Digger (DsEE)                        Turns: 789, Time: 00:03:05

Health: -1/28      AC: 21    Str:  8    XL:     2   Next: 75%
Magic:  5/5        EV: -1    Int: 16    God:
Gold:   30         SH:  0    Dex: 13    Spells: 4/5 levels left

rFire   . . .        h - +2 whip (venom)
rCold   . . .        (no shield)
rNeg    . . .        a - melded +0 robe
rPois   +            (helmet currently unavailable)
rElec   .            m - melded scarf {repulsion}
rCorr   .            (gloves currently unavailable)
SInv    .            (boots currently unavailable)
Will    .....        (no amulet)
Stlth   ++           l - +4 ring of slaying
HPRegen 0.24/turn    (no ring)
MPRegen 0.09/turn

%: no passive effects
@: tree-form, constricted
A: stationary, stasis, torment immunity, boosted hp, (horns 1)
a: no special abilities


You were on level 3 of the Dungeon.
You were a tree.
You visited 1 branch of the dungeon, and saw 3 of its levels.

You collected 30 gold pieces.

Inventory:

Hand Weapons
 h - a +2 whip of venom (weapon)
Armour
 a - a +0 robe (melded)
 m - a scarf of repulsion (melded)
Jewellery
 l - a +4 ring of slaying (left branch)
Scrolls
 e - 2 scrolls of teleportation {unknown}
 i - a scroll of identify
Potions
 b - a potion of magic
 c - 3 potions of cancellation
 k - a potion of attraction {unknown}
 n - a potion of brilliance {unknown}


   Skills:
 + Level 0.2 Maces & Flails
 + Level 1.7 Dodging
 + Level 1.7 Stealth
 + Level 2.2 Spellcasting
 + Level 0.8 Transmutations
 + Level 3.5 Earth Magic


You had 4 spell levels left.
You knew the following spells:

 Your Spells              Type           Power      Damage    Failure   Level
a - Sandblast             Erth           26%        2d8       4%          1

Your spell library contained the following spells:

 Spells                   Type           Power      Damage    Failure   Level
 Passwall                 Tmut/Erth      6%         N/A       13%         2
 Stone Arrow              Conj/Erth      14%        3d7       30%         3
 Petrify                  Tmut/Erth      8%         N/A       63%         4


Dungeon Overview and Level Annotations

Branches:
Dungeon (3/15)

Altars:


Innate Abilities, Weirdness & Mutations

You are a tree.
Your roots penetrate the ground, keeping you stationary.
You cannot be teleported.
You are immune to unholy pain and torment.
Your maximum health is greatly increased.
Your equipment is partially melded.
((You have a pair of small horns on your head.))


Message History

Found an orange potion.
The orc barely misses you. The orc attacks as you move away!
The orc barely misses you. The orc attacks as you move away!
The orc closely misses you. The orc attacks as you move away!
The orc misses you. The ball python closely misses you.
The ball python grabs you. The ball python constricts you.
You escape the ball python's grasp.
The ball python attacks as you move away!
The ball python misses you. The orc attacks as you move away!
The orc hits you with a +0 dagger.
There is a stone staircase leading down here.
The ball python misses you. The ball python grabs you.
You stop descending the stairs.
The ball python constricts you. The orc hits you with a +0 club.
* * * LOW HITPOINT WARNING * * *
The orc hits you with a +0 dagger.
* * * LOW HITPOINT WARNING * * *
Unknown command.
You escape the ball python's grasp.
The ball python closely misses you. The ball python grabs you.
You stop descending the stairs.
The ball python constricts you.
* * * LOW HITPOINT WARNING * * *
Unknown command.
It was a potion of lignification.
You turn into a tree.
Your scarf of repulsion melds into your body.
Your +0 robe melds into your body.
The haze of the repulsion field disappears.
Your roots penetrate the ground.
The ball python bites you but does no damage.
The ball python constricts you. The orc hits you but does no damage.
The orc hits you with a +0 dagger.
* * * LOW HITPOINT WARNING * * *
Unknown command.
Unknown command.
Unknown command.
Unknown command.
It was a potion of flight.
Your roots keep you in place.
The ball python bites you but does no damage.
The ball python constricts you. The orc hits you with a +0 club.
You die...

#. #. .# #.#######.#
#........!#.
#.......... ..... .
#........# ..... ..
#o♣og...# #..... ...
##.So....# ......
....##?.......##.b....
..................o...
.#....#.......#.......
..............<#......
#...............#.....
###..#.....###........
##.#.#.....#.#.#.###


You could see 3 orcs, a goblin and a ball python.

Vanquished Creatures
  An adder (D:2)
  A ball python (D:2)
  2 bats (D:1)
  2 endoplasms (D:1)
  A giant cockroach (D:3)
  A goblin (D:2)
  A hobgoblin (D:2)
  A kobold (D:1)
  3 frilled lizards
13 creatures vanquished.

Notes
Turn   | Place    | Note
-------+----------+-------------------------------------------
     0 | D:1      | DemonSlayer the Demonspawn Earth Elementalist began the
                  | quest for the Orb.
     0 | D:1      | Reached XP level 1. HP: 13/13 MP: 3/3
   159 | D:1      | Reached skill level 3 in Earth Magic
   514 | D:2      | Gained mutation: You have a pair of small horns on your
                  | head. [demonic ancestry]
   514 | D:2      | Reached XP level 2. HP: 19/19 MP: 3/5
   788 | D:3      | HP: 1/28 [orc/+0 dagger (3)]
   789 | D:3      | Slain by an orc

Illustrated notes

Levels and vault maps discovered:
D:1:      psy_arrival_statuary, layout_basic
D:2:      layout_rooms, kennysheep_small_spiral,
          nicolae_concentric_dashed_squares_mild,
          chequers_serial_rivers_large_a, uniq_crazy_yiuf_cottage
D:3:      layout_rooms, minmay_fractal_squares_5

Skill      XL: |  1 |
---------------+----+-----
Earth Magic    | 3 |  3.5
Maces & Flails | |  0.2
Dodging        | |  1.7
Stealth        | |  1.7
Spellcasting   | |  2.2
Transmutations | |  0.8

Action                     || total
---------------------------++-------
  Melee: Whip              ||    14
         Unarmed           ||     1
   Cast: Sandblast         ||    14
    Use: Potion            ||     3
         Scroll            ||     2
   Stab: Sleeping          ||     1
 Armour: Robe              ||     5
         Skin              ||     3
  Dodge: Dodged            ||    27
